 Dungeon Crawl Stone Soup version 0.23.2-11-gf996548 (webtiles) character file.

Game seed: 14359683748813967884

70 Fortress the Firebug (level 4, -4/33 HPs)
             Began as a Draconian Fire Elementalist on June 7, 2019.
             Slain by a worm (5 damage)
             ... in a sewer.
             The game lasted 00:08:03 (1236 turns).

Fortress the Firebug (Draconian Fire Elementalist)  Turns: 1236, Time: 00:08:03

Health: -4/33      AC:  8    Str: 10    XL:     4   Next: 3%
Magic:  0/8        EV: 12    Int: 17    God:
Gold:   105        SH:  0    Dex: 11    Spells: 7/8 levels left

rFire    . . .     SeeInvis .   c - +0 dagger
rCold    . . .     Gourm    .   (no shield)
rNeg     . . .     Faith    .   (armour unavailable)
rPois    .         Spirit   .   (helmet restricted)
rElec    .         Reflect  .   e - +1 cloak
rCorr    .         Harm     .   i - +0 pair of gloves
MR       .....                  (no boots)
Stlth    ++........             (no amulet)
HPRegen  0.11/turn              (no ring)
MPRegen  0.11/turn              (no ring)

@: no status effects
A: unfitting armour, cold-blooded, AC +5
a: no special abilities


You were in a sewer.
You were hungry.

You visited 1 branch of the dungeon, and saw 3 of its levels.
You also visited: Sewer.

You collected 105 gold pieces.

Inventory:

Hand Weapons
 c - a +0 dagger (weapon)
Missiles
 f - 22 sling bullets
 k - 73 stones (quivered)
Armour
 d - a scarf of repulsion
 e - a +1 cloak (worn)
 i - a +0 pair of gloves (worn)
Scrolls
 h - 2 scrolls of identify
Potions
 a - a potion of flight
 g - a potion of lignification {unknown}
 j - a potion of heal wounds {unknown}
Comestibles
 b - 3 rations


   Skills:
 - Level 2.0 Dodging
 - Level 2.0 Stealth
 + Level 2.8 Spellcasting
 + Level 1.8 Conjurations
 + Level 3.8 Fire Magic


You had 7 spell levels left.
You knew the following spells:

 Your Spells              Type           Power        Failure   Level  Hunger
a - Flame Tongue          Conj/Fire      ##...        5%          1    #......

Your spell library contained the following spells:

 Spells                   Type           Power        Failure   Level  Hunger
 Throw Flame              Conj/Fire      ##....       9%          2    ##.....
 Conjure Flame            Conj/Fire      ##......     17%         3    ###....
 Inner Flame              Hex/Fire       #.......     24%         3    ###....
 Sticky Flame             Conj/Fire      ##......     50%         4    #####..
 Fireball                 Conj/Fire      ##........   83%         5    ######.


Dungeon Overview and Level Annotations

Branches:
Dungeon (3/15)

Altars:


Innate Abilities, Weirdness & Mutations

Your plain brown scales are hard. (AC +5)
You cannot fit into any form of body armour.
You are cold-blooded and may be slowed by cold attacks.


Message History

The giant cockroach barely misses you. The worm closely misses you.
You barely miss the worm.
The worm is heavily wounded.
The giant cockroach closely misses you.
You hit the worm.
The worm is severely wounded.
The giant cockroach completely misses you.
The worm bites you.
* * * LOW HITPOINT WARNING * * *
Casting: Flame Tongue (safe; 5% risk of failure)
Confirm with . or Enter, or press ? or * to list all spells.
Aiming: Flame Tongue (safe; 5% risk of failure)
Press: ? - help, Shift-Dir - straight line, f - giant cockroach
Aim: a giant cockroach The flame tongue hits the giant cockroach.
You kill the giant cockroach!
You hit the worm.
The worm is almost dead.
The worm bites you.
You die...

#.≈≈
#≈..
##..#
...#
#..#
##..##
##..†.#
#...@.#
#..w†..#
#.....∩#
##....##
##...#
#####


You could see a worm.

Vanquished Creatures
  2 adders (D:2)
  A worm (D:3)
  A leopard gecko (Sewer)
  An orc (D:3)
  7 bats
  10 giant cockroaches
  3 goblins
  5 hobgoblins
  A quokka (D:2)
  3 frilled lizards
  3 kobolds (D:1)
  5 rats
42 creatures vanquished.

Notes
Turn   | Place    | Note
-------+----------+-------------------------------------------
     0 | D:1      | Fortress the Draconian Fire Elementalist began the quest
                  | for the Orb.
     0 | D:1      | Reached XP level 1. HP: 14/14 MP: 3/3
   102 | D:1      | Reached XP level 2. HP: 12/20 MP: 0/5
   752 | D:2      | Reached XP level 3. HP: 15/26 MP: 0/6
  1195 | D:3      | Found a glowing drain.
  1214 | Sewer    | Entered a sewer
  1226 | Sewer    | Reached XP level 4. HP: 16/33 MP: 0/8
  1234 | Sewer    | HP: 1/33 [worm (6)]
  1236 | Sewer    | Slain by a worm

Skill      XL: |  1  2 |
---------------+-------+-----
Stealth        | 2 |  2.0
Dodging        | 2 |  2.0
Spellcasting   | |  2.8
Conjurations   | |  1.8
Fire Magic     | |  3.8

Action                   |  1- 3 |  4- 6 || total
-------------------------+-------+-------++-------
Melee: Unarmed           |    13 |       ||    13
       Dagger            |    41 |     9 ||    50
       Tailslap          |     4 |     1 ||     5
 Cast: Flame Tongue      |    57 |     2 ||    59
  Use: Scroll            |     4 |       ||     4
  Eat: Chunk             |     1 |       ||     1
Armor: Skin              |    29 |     3 ||    32
Dodge: Dodged            |    49 |     6 ||    55
